AoeStats
← Yaksh_it

African Clearing

506420532Analyzed
4v4 RM · 18d ago on Sep 13, 2026· 73m 56s· 8 players
Game mode
Random Map
Map size
Large (8 player)
Population
200
Speed
Normal
Resources
Standard
Victory
Conquest
Starting age
Dark Age
Ending age
Imperial Age
RankedLock teamsTeams togetherTeam positionsShared explorationLock speedFull tech treeHidden civsTurbo modeCheats
Victory
Defeat
🇨🇳 Koreans · China
1638
+10
🇮🇳 Inca · India
1527
+15
🇻🇳 Turks · Vietnam
1507
+16
🇻🇳 Mongols · Vietnam
1483
+17
🇦🇷 Spanish · Argentina
1610
-19
🇹🇼 Saracens · Taiwan
1587
-18
🇹🇼 Koreans · Taiwan
1446
-12
🇹🇼 Persians · Taiwan
1363
-9
BiliBili风间
5:34 Loom
12:49 Feudal Age
13:40 Town Watch
16:57 Castle Age
15:29 Double-Bit Axe
16:18 Fletching
17:58 Bodkin Arrow
19:18 Crossbowman
22:08 Horse Collar
25:25 Bow Saw
28:01 Wheelbarrow
28:07 Gold Mining
30:18 Gold Shaft Mining
31:22 Pikeman
32:49 Ballistics
36:30 Imperial Age
34:30 Scale Mail Armor
35:47 Heavy Plow
35:38 Stone Mining
36:46 Hand Cart
36:58 Squires
37:15 Chain Mail Armor
38:50 Chemistry
38:21 Bracer
38:33 Forging
39:14 Murder Holes
39:00 Halberdier
40:33 Plate Mail Armor
40:02 Arbalester
41:43 Thumb Ring
42:31 Conscription
43:10 Iron Casting
44:10 Eupseong
45:23 Elite War Wagon
48:14 Two-Man Saw
47:31 Treadmill Crane
49:41 Shinkichon
51:16 Siege Engineers
51:21 Masonry
51:37 Elite Skirmisher
53:28 Arrowslits
54:14 Architecture
58:31 Heavy Rocket Cart
59:35 Capped Ram
61:00 Coinage
65:07 Banking
64:38 Caravan
70:24 Light Cavalry
71:04 Husbandry
70:56 Man-at-Arms
71:21 Gambesons
72:49 Scale Barding Armor
This is Kawaii
4:52 Loom
13:04 Feudal Age
17:34 Castle Age
16:16 Double-Bit Axe
22:37 Fletching
26:13 Bow Saw
26:48 Horse Collar
39:15 Wheelbarrow
39:19 Ballistics
44:16 Imperial Age
43:14 Husbandry
43:25 Bloodlines
44:31 Elite Mangudai
45:07 Bodkin Arrow
45:54 Bracer
47:04 Chemistry
47:05 Hand Cart
46:57 Heavy Plow
46:50 Gold Mining
47:34 Siege Engineers
51:28 Thumb Ring
51:49 Parthian Tactics
51:25 Padded Archer Armor
52:26 Conscription
51:34 Capped Ram
52:42 Drill
53:35 Leather Archer Armor
53:39 Siege Ram
54:34 Scale Barding Armor
54:40 Forging
58:03 Stone Mining
58:49 Gold Shaft Mining
61:46 Coinage
68:17 Elite Steppe Lancer
69:19 Chain Barding Armor
69:35 Iron Casting
72:20 Banking
DALAT_M<O>NGKHAN
3:34 Loom
12:18 Feudal Age
12:47 Double-Bit Axe
14:52 Forging
21:34 Castle Age
21:09 Fletching
25:41 Padded Archer Armor
27:52 Ballistics
29:47 Bodkin Arrow
31:15 Bloodlines
54:49 Imperial Age
52:55 Wheelbarrow
55:36 Husbandry
56:01 Conscription
56:21 Scale Barding Armor
57:23 Chain Barding Armor
58:15 Iron Casting
58:43 Plate Barding Armor
58:01 Horse Collar
59:20 Bow Saw
61:34 Blast Furnace
61:59 Heavy Plow
63:08 Parthian Tactics
63:33 Thumb Ring
63:32 Bracer
64:17 Leather Archer Armor
63:25 Heavy Cavalry Archer
67:15 Sipahi
70:06 Ring Archer Armor
Yaksh_it
13:13 Feudal Age
13:15 Champi Runner
13:48 Double-Bit Axe
21:33 Castle Age
19:39 Horse Collar
20:15 Fletching
20:27 Gold Mining
21:15 Padded Archer Armor
22:47 Crossbowman
30:44 Bow Saw
33:01 Wheelbarrow
34:12 Loom
34:32 Heavy Plow
34:37 Town Watch
35:53 Bodkin Arrow
37:07 Leather Archer Armor
36:45 Elite Skirmisher
38:36 Ballistics
39:48 Thumb Ring
55:36 Hand Cart
63:57 Imperial Age
61:09 Pikeman
61:50 Squires
61:36 Arson
62:36 Gold Shaft Mining
62:34 Scale Mail Armor
62:45 Forging
63:43 Chain Mail Armor
68:15 Plate Mail Armor
69:01 Iron Casting
72:55 Halberdier
74:44 Blast Furnace
好警察
6:55 Loom
14:29 Feudal Age
15:25 Double-Bit Axe
18:36 Castle Age
21:19 Bow Saw
22:36 Scale Barding Armor
24:33 Chain Barding Armor
26:44 Fishing Lines
28:57 Bloodlines
30:27 Forging
31:15 Husbandry
33:34 Wheelbarrow
33:04 Gillnets
35:07 Horse Collar
35:49 Hand Cart
39:43 Imperial Age
36:46 Light Cavalry
38:34 Iron Casting
39:11 Ballistics
40:59 Plate Barding Armor
41:31 Blast Furnace
40:02 Hussar
42:04 Chemistry
44:36 Padded Archer Armor
45:26 Gold Mining
45:26 Stone Mining
46:21 Heavy Plow
46:51 Leather Archer Armor
49:01 Heavy Camel Rider
50:40 Siege Engineers
55:06 Two-Man Saw
55:00 Ring Archer Armor
61:59 Fletching
70:29 Elite Skirmisher
71:14 Thumb Ring
71:07 Bodkin Arrow
72:14 Bracer
73:14 Thumb Ring
高德納
3:20 Loom
11:56 Feudal Age
13:34 Fletching
15:57 Double-Bit Axe
30:21 Castle Age
31:55 Horse Collar
32:29 Bodkin Arrow
39:04 Wheelbarrow
38:52 Town Watch
40:47 Bow Saw
40:18 Horse Collar
45:30 Heavy Plow
52:34 Ballistics
58:07 Imperial Age
56:24 Hand Cart
56:33 Elite Skirmisher
56:59 Crossbowman
60:53 Chemistry
62:48 Bracer
64:36 Chemistry
66:03 Eupseong
71:57 Town Patrol
jerry2928095
3:42 Loom
14:33 Feudal Age
15:10 Town Watch
19:08 Castle Age
21:14 Fletching
24:13 Double-Bit Axe
25:52 Scale Barding Armor
31:33 Horse Collar
32:41 Wheelbarrow
32:13 Gold Mining
37:55 Imperial Age
35:49 Husbandry
36:05 Bloodlines
36:18 Bow Saw
37:29 Chain Barding Armor
37:19 Forging
38:04 Forging
38:32 Heavy Plow
38:11 Cavalier
40:20 Plate Barding Armor
40:21 Iron Casting
43:49 Hand Cart
44:41 Chemistry
59:01 Hand Cart
68:35 Light Cavalry
70:30 Blast Furnace
70:15 Hussar
kkman86
11:41 Loom
13:52 Feudal Age
17:25 Castle Age
18:22 Town Watch
25:35 Padded Archer Armor
26:57 Wheelbarrow
32:41 Double-Bit Axe
33:05 Horse Collar
34:54 Leather Archer Armor
35:57 Bloodlines
39:34 Stone Mining
40:10 Bow Saw
41:39 Hand Cart
46:43 Imperial Age
45:55 Fletching
46:20 Gold Mining
48:49 Ring Archer Armor
51:48 Conscription
53:43 Husbandry
55:40 Heavy Plow
55:29 Elite Conquistador
57:30 Light Cavalry
58:16 Scale Barding Armor
59:17 Chain Barding Armor
60:03 Chemistry
59:06 Hussar
60:43 Plate Barding Armor
61:41 Forging
63:01 Cavalier
64:27 Paladin
69:33 Masonry
Connection lost

Rejoining the realm…

Still unreachable

The connection could not be restored.

Session expired

The server has moved on; the page needs a fresh start.